 Dungeon Crawl Stone Soup version 0.30-b1-2-g02819fbbbe (webtiles) character file.

Game seed: 9572389390682424479

207 erloom the Ruffian (level 5, 0/40 HPs)
             Began as a Draconian Transmuter on May 15, 2023.
             Was an Initiate of Okawaru.
             Slain by a gnoll
             ... wielding a +0 halberd
              (9 damage)
             ... on level 4 of the Dungeon.
             The game lasted 00:06:20 (3882 turns).

erloom the Ruffian (Draconian Transmuter)           Turns: 3882, Time: 00:06:21

Health: 0/40       AC:  5    Str: 13    XL:     5   Next: 54%
Magic:  8/8        EV: 12    Int: 15    God:    Okawaru [......]
Gold:   213        SH:  0    Dex: 11    Spells: 4/8 levels left

rFire   . .          .
                       - Unarmed
rCold   . . .        (no shield)
rNeg    . . .        (body armour unavailable)
rPois   .            (helmet currently unavailable)
rElec   .            (no cloak)
rCorr   .            (no gloves)
SInv    .            (boots currently unavailable)
Will    .....        (no amulet)
Stlth   +            (no ring)
HPRegen 0.26/turn    (no ring)
MPRegen 0.11/turn

%: no passive effects
@: appendages
A: horns 2, talons 2, AC +5, unfitting armour, cold-blooded
a: End Transformation, Renounce Religion


You were on level 4 of the Dungeon.
You worshipped Okawaru.
Okawaru was noncommittal.
You had temporarily grown beastly horns and talons.
You visited 2 branches of the dungeon, and saw 6 of its levels.

You collected 213 gold pieces.

Inventory:

Missiles
 b - 41 stones
Jewellery
 m - a ring of magical power
Wands
 s - a wand of flame (37)
Scrolls
 f - 2 scrolls of vulnerability {unknown}
 g - 3 scrolls of poison {unknown}
 i - a scroll of fear {unknown}
 k - 3 scrolls of butterflies {unknown}
 n - a scroll of magic mapping {unknown}
 p - 2 scrolls of immolation {unknown}
 q - 2 scrolls of enchant weapon {unknown}
 t - 2 scrolls of teleportation {unknown}
 v - a scroll of enchant armour {unknown}
 w - a scroll of identify {unknown}
Potions
 a - 2 potions of lignification
 c - 4 potions of curing {unknown}
 d - a potion of attraction {unknown}
 e - 2 potions of berserk rage {unknown}
 h - 2 potions of haste {unknown}
 j - a potion of invisibility {unknown}
 l - a potion of mutation {unknown}
 o - a potion of cancellation {unknown}
 r - 2 potions of heal wounds {unknown}
 u - a potion of brilliance {unknown}


   Skills:
 - Level 1.1 Fighting
 - Level 1.7 Dodging
 - Level 0.6 Stealth
 - Level 5.0 Unarmed Combat
 - Level 2.0 Spellcasting
 + Level 3.6 Transmutations
 + Level 1.7 Poison Magic


You had 4 spell levels left.
You knew the following spells:

 Your Spells              Type           Power      Damage    Failure   Level
a - Beastly Appendage     Tmut           24%        N/A       4%          1
b - Spider Form           Tmut/Pois      9%         N/A       22%         3

Your spell library contained the following spells:

 Spells                   Type           Power      Damage    Failure   Level
 Wereblood                Tmut           12%        N/A       8%          2
 Ensorcelled Hibernation  Hex/Ice        2%         N/A       32%         2
 Ice Form                 Ice/Tmut       6%         N/A       71%         4
 Anguish                  Hex/Necr       0%         N/A       91%         4


Dungeon Overview and Level Annotations

Branches:
Dungeon (5/15)             Temple (1/1) D:4

Altars:
Ashenzari
Cheibriados
Elyvilon
Fedhas
Gozag
Hepliaklqana
Kikubaaqudgha
Nemelex Xobeh
Okawaru
Sif Muna
Trog
Uskayaw
Vehumet
Wu Jian
Xom
Yredelemnul
Zin
The Shining One


Innate Abilities, Weirdness & Mutations

You have temporarily grown beastly horns and talons.
Your plain brown scales are hard. (AC +5)
You cannot fit into any form of body armour.
You are cold-blooded and may be slowed by cold attacks.


Message History

You closely miss the orc. You tail-slap the orc.
The orc is severely wounded.
The orc hits you with a +0 hand axe.
You hit the orc. You tail-slap the orc.
You kill the orc!
Okawaru accepts your kill.
Things that are here:
a +0 hand axe; a +0 leather armour; an orc corpse A gnoll comes into view.
It is wielding a +0 halberd.
A gnoll comes into view. It is wielding a +0 spear.
The gnoll shouts!
There is a stone staircase leading up here.
Casting: Spider Form (quite dangerous; 22% risk of failure)
Confirm with . or Enter, or press ? or * to list all spells.
You grow a pair of large bovine horns.
Your feet morph into talons.
The gnoll hits you with a +0 spear. The gnoll closely misses you.
You closely miss the gnoll.
Your tail-slap misses the gnoll.
Your punch misses the gnoll. The gnoll hits you with a +0 spear.
The gnoll hits you with a +0 halberd!
A gnoll comes into view. It is wielding a +0 spear.
The gnoll shouts!
You hit the gnoll. Your kick misses the gnoll.
The gnoll is heavily wounded.
The gnoll barely misses you. The gnoll hits you but does no damage.
The gnoll barely misses you. The gnoll attacks as you move away!
The gnoll barely misses you.
The gnoll hits you from afar with a +0 spear.
The gnoll misses you. The gnoll hits you with a +0 halberd!
* * * LOW HITPOINT WARNING * * *
There is a stone staircase leading up here.
The gnoll hits you from afar with a +0 spear.
* * * LOW HITPOINT WARNING * * *
The gnoll hits you but does no damage.
You climb upwards.
There is a stone staircase leading down here.
You hit the gnoll. You claw the gnoll, but do no damage.
The gnoll is severely wounded.
The gnoll hits you with a +0 halberd!
You die...

######## #......#
#......# #......#
#......# #......#
#......#
#####......###
####@...........#
#...g##########.###
#.....# #...#
#.....# ######)###
#...... +.........
#....### ####.....#
####.# #...... #.#
#...... #.. #......


You could see a gnoll.

Vanquished Creatures
  A sleepcap (D:4)
  An orc wizard (D:3)
  A gnoll (D:1)
  6 adders
  A shadow imp (D:4)
  2 worms (D:2)
  2 dart slugs (D:2)
  9 orcs
  3 bats
  2 endoplasms (D:4)
  2 giant cockroaches
  2 goblins (D:4)
  8 hobgoblins
  4 jackals
  2 quokkas (D:1)
  7 ball pythons
  4 frilled lizards
  7 kobolds
  3 rats
67 creatures vanquished.

Notes
Turn   | Place    | Note
-------+----------+-------------------------------------------
     0 | D:1      | erloom the Draconian Transmuter began the quest for the
                  | Orb.
     0 | D:1      | Reached XP level 1. HP: 16/16 MP: 3/3
   264 | D:1      | Reached XP level 2. HP: 23/23 MP: 3/5
   606 | D:1      | Reached skill level 4 in Unarmed Combat
   949 | D:2      | Reached XP level 3. HP: 21/28 MP: 4/6
  1873 | D:3      | Reached XP level 4. HP: 33/35 MP: 5/7
  2607 | D:4      | Found a radiant altar of Vehumet.
  2624 | D:4      | Reached skill level 5 in Unarmed Combat
  2630 | D:4      | Learned a level 3 spell: Spider Form
  2791 | D:4      | Reached XP level 5. HP: 35/40 MP: 6/8
  2992 | D:4      | Found a staircase to the Ecumenical Temple.
  3002 | D:4      | Reached skill level 1 in Poison Magic
  3006 | Temple   | Entered the Ecumenical Temple
  3347 | Temple   | Became a worshipper of Warmaster Okawaru
  3452 | D:4      | Found a sparkling altar of Nemelex Xobeh.
  3690 | D:4      | Noticed an ogre
  3858 | D:5      | Entered Level 5 of the Dungeon
  3882 | D:4      | Slain by a gnoll

Illustrated notes

Levels and vault maps discovered:
D:1:      minmay_arrival_shattered_statue, layout_basic
D:2:      layout_basic, minmay_stone_trees_medium, kennysheep_flooded_box,
          roderic_serpentine_path
D:3:      layout_basic, grunt_decor_arrowhead,
          nicolae_concentric_dashed_squares_mild, minmay_misc_feat_columns
D:4:      minmay_diamond_boxcup, layout_basic, lemuel_doored_altar,
          vehumet_altar_wand_db, temple_fountains
D:5:      layout_loops_corners, dk_noncrumbling_3
Temple:   minmay_temple_bridge_d

Skill      XL: |  1  2  3  4  5 |
---------------+----------------+-----
Unarmed Combat | 4 5 |  5.0
Transmutations | 3 |  3.6
Poison Magic   | 1 |  1.7
Fighting       | |  1.1
Dodging        | |  1.7
Stealth        | |  0.6
Spellcasting   | |  2.0

Action                     |  1- 3 |  4- 6 || total
---------------------------+-------+-------++-------
  Melee: Unarmed           |   129 |   104 ||   233
         Tailslap          |    16 |    16 ||    32
         Kick              |    11 |    17 ||    28
         Punch             |     1 |     4 ||     5
         Headbutt          |     1 |     9 ||    10
   Cast: Beastly Appendage |     6 |    11 ||    17
  Evoke: Wand              |       |     2 ||     2
   Stab: Sleeping          |     1 |       ||     1
 Armour: Skin              |    35 |    23 ||    58
  Dodge: Dodged            |    82 |    53 ||   135
